 Dungeon Crawl Stone Soup version 0.21.1-1-g345015f (webtiles) character file.

161 infcreate the Shield-Bearer (level 5, -1/47 HPs)
             Began as a Minotaur Fighter on June 10, 2018.
             Slain by Grinder (3 damage)
             ... while paralysed by Grinder
             ... on level 3 of the Dungeon.
             The game lasted 00:08:29 (1408 turns).

infcreate the Shield-Bearer (Minotaur Fighter)      Turns: 1408, Time: 00:08:29

Health: -1/47      AC:  7    Str: 27    XL:     5   Next: 18%
Magic:  4/4        EV:  2    Int:  5    God:
Gold:   124        SH:  0    Dex:  9    Spells: 4/4 levels left

rFire    . . .     SeeInvis .   a - +0 war axe
rCold    . . .     Gourm    .   c - +0 shield
rNeg     . . .     Faith    .   b - +0 scale mail
rPois    .         Spirit   .   (helmet restricted)
rElec    .         Reflect  .   (no cloak)
rCorr    .         Harm     .   (no gloves)
MR       .....                  (no boots)
Stlth    ..........             (no amulet)
HPRegen  0.15/turn              (no ring)
MPRegen  0.09/turn              (no ring)

@: paralysed, mighty
A: retaliatory headbutt, horns 2
a: no special abilities


You were on level 3 of the Dungeon.
You were not hungry.

You visited 1 branch of the dungeon, and saw 3 of its levels.

You collected 124 gold pieces.

Inventory:

Hand Weapons
 a - a +0 war axe (weapon)
Armour
 b - a +0 scale mail (worn)
 c - a +0 shield (worn)
Wands
 l - a wand of random effects (19)
Scrolls
 e - 2 scrolls of remove curse {unknown}
 h - a scroll of enchant weapon {unknown}
 j - a scroll of blinking {unknown}
 m - 2 scrolls of teleportation {unknown}
 p - a scroll of amnesia {unknown}
Potions
 g - a potion of curing {unknown}
 i - 2 potions of lignification {unknown}
 k - a potion of cancellation {unknown}
 o - a potion of mutation {unknown}
Comestibles
 f - a ration


   Skills:
 + Level 4.6 Fighting
 + Level 4.3 Axes
 + Level 4.4 Armour
 + Level 4.7 Shields


You had 4 spell levels left.
You didn't know any spells.

Dungeon Overview and Level Annotations

Branches:
Dungeon (3/15)

Altars:
Makhleb

Annotations:
D:3 Grinder


Innate Abilities, Weirdness & Mutations

You reflexively headbutt those who attack you in melee.
You have a pair of horns on your head.


Message History

Grinder is moderately wounded.
You hit the jackal.
You kill the jackal!
Grinder hits you.
* * * LOW HITPOINT WARNING * * *
You writhe in agony.
* * * LOW HITPOINT WARNING * * *
You slash Grinder!
Grinder is severely wounded.
Grinder blinks!
Grinder gestures at you. You resist with significant effort.
You feel very mighty all of a sudden. Grinder gestures at you.
You suddenly lose the ability to move!
Grinder gestures at you. Pain shoots through your body!
* * * LOW HITPOINT WARNING * * *
Grinder hits you.
You die...

### #.. #.# #.#
#####@######
#.....5....#
#.###.###.... ####.#
#.# ##
#########.##.###.#
().........†.....#
##.####.#######......
#......# #.###.
##.###### #.#


You could see Grinder.

Vanquished Creatures
  A hound (D:2)
  Jessica (D:2)
  4 adders (D:2)
  A worm (D:3)
  2 leopard geckos (D:2)
  3 orcs (D:3)
  5 bats
  6 giant cockroaches
  5 goblins
  6 hobgoblins
  5 jackals
  10 kobolds
  A quokka (D:3)
  2 frilled lizards
  9 rats
61 creatures vanquished.

Notes
Turn   | Place    | Note
-------+----------+-------------------------------------------
     0 | D:1      | infcreate the Minotaur Fighter began the quest for the Orb.
     0 | D:1      | Reached XP level 1. HP: 19/19 MP: 0/0
   178 | D:1      | Reached XP level 2. HP: 26/27 MP: 1/1
   661 | D:2      | Reached XP level 3. HP: 33/33 MP: 2/2
   915 | D:2      | Reached XP level 4. HP: 37/41 MP: 3/3
   936 | D:2      | Noticed Jessica
   940 | D:2      | Killed Jessica
  1037 | D:2      | Reached XP level 5. HP: 46/47 MP: 4/4
  1165 | D:2      | Found a burning altar of Makhleb.
  1382 | D:3      | Noticed Grinder
  1396 | D:3      | Paralysed by Grinder for 4 turns
  1405 | D:3      | Paralysed by Grinder for 7 turns
  1407 | D:3      | HP: 2/47 [Grinder/nerve-wracking pain (2)]
  1408 | D:3      | Slain by Grinder

Skill      XL: |  1  2  3  4 |
---------------+-------------+-----
Fighting       | 4 |  4.6
Shields        | 4 |  4.7
Armour         | 4 |  4.4
Axes           | 3 4 |  4.3

Action                   |  1- 3 |  4- 6 || total
-------------------------+-------+-------++-------
Melee: War axe           |    88 |    57 ||   145
       Headbutt          |    16 |     6 ||    22
  Use: Potion            |       |     1 ||     1
  Eat: Chunk             |       |     2 ||     2
Armor: Scale mail        |    40 |    24 ||    64
Dodge: Dodged            |    26 |    13 ||    39
Block: Shield            |    40 |    29 ||    69
